 Dungeon Crawl Stone Soup version 0.27.0-1-g7a089689b8 (webtiles) character file.

Game seed: 17509130194904459584

138 pkoi the Chopper (level 5, -1/42 HPs)
             Began as a Minotaur Gladiator on Aug 13, 2021.
             Was an Initiate of Makhleb.
             Slain by a gnoll (3 damage)
             ... on level 4 of the Dungeon.
             The game lasted 00:02:45 (3626 turns).

pkoi the Chopper (Minotaur Gladiator)               Turns: 3626, Time: 00:02:46

Health: -1/42      AC:  8    Str: 19    XL:     5   Next: 1%
Magic:  4/5        EV: 11    Int:  5    God:    Makhleb [......]
Gold:   52         SH:  0    Dex: 12    Spells: 4/4 levels left

rFire    + . .     SeeInvis .   a - +0 war axe
rCold    . . .     Faith    .   (no shield)
rNeg     . . .     Spirit   .   q - +2 ring mail {rF+}
rPois    .         Reflect  .   c - +1 hat
rElec    .         Harm     .   (no cloak)
rCorr    .         Rampage  .   (no gloves)
Will     .....                  (no boots)
Stlth    +.........             (no amulet)
HPRegen  0.14/turn              (no ring)
MPRegen  0.09/turn              (no ring)

@: lit by a corona, glowing
A: horns 2, retaliatory headbutt
a: Renounce Religion


You were on level 4 of the Dungeon.
You worshipped Makhleb.
Makhleb was noncommittal.
You visited 1 branch of the dungeon, and saw 4 of its levels.

You collected 52 gold pieces.

Inventory:

Hand Weapons
 a - a +0 war axe (weapon)
Missiles
 d - 4 throwing nets (quivered)
Armour
 b - a +0 leather armour
 c - a +1 hat (worn)
 q - a +2 ring mail of fire resistance (worn)
Jewellery
 h - a ring of wizardry
 j - a +4 ring of protection
 l - an amulet of magic regeneration
Scrolls
 g - a scroll of fog
 k - 3 scrolls of identify
 o - 2 scrolls of teleportation
Potions
 e - a potion of heal wounds
 f - 2 potions of haste {unknown}
 i - a potion of might {unknown}
 m - a potion of curing
 p - a potion of brilliance {unknown}


   Skills:
 - Level 2.4 Fighting
 + Level 6.5 Axes
 - Level 2.0 Throwing
 - Level 3.2 Dodging
 + Level 1.6 Invocations


You had 4 spell levels left.
You didn't know any spells.
Your spell library was empty.

Dungeon Overview and Level Annotations

Branches:
Dungeon (4/15)
 Temple: D:4-7

Altars:
Ashenzari
Gozag
Hepliaklqana
Makhleb
Vehumet
Wu Jian
Zin

Shops:
D:4 *

Annotations:
D:4 2 runed translucent doors, SkeletonJelly's ghost, amateur DrMo


Innate Abilities, Weirdness & Mutations

You have a pair of horns on your head.
You reflexively headbutt those who attack you in melee.


Message History

Makhleb accepts your kill.
You closely miss the gnoll shaman.
The gnoll shaman hits you with a +0 club!
The gnoll hits you from afar with a +0 spear.
You have reached level 5!
You barely miss the gnoll shaman.
The gnoll shaman is moderately wounded.
The gnoll shaman mumbles some strange prayers to its god against you.
You are outlined in light.
The gnoll closely misses you.
The gnoll shaman hits you with a +0 club!
Unknown command.
You are too injured to fight recklessly!
You are too injured to fight recklessly!
You barely miss the gnoll shaman. Your headbutt misses the gnoll shaman.
The gnoll shaman is moderately wounded.
The gnoll barely misses you.
The gnoll shaman hits you but does no damage.
The gnoll hits you but does no damage.
You slash the gnoll shaman!
The gnoll shaman is almost dead.
The gnoll shaman hits you with a +0 club!
* * * LOW HITPOINT WARNING * * *
The gnoll barely misses you.
You closely miss the gnoll shaman.
The gnoll shaman is almost dead.
The gnoll shaman barely misses you.
The gnoll hits you from afar with a +0 spear.
* * * LOW HITPOINT WARNING * * *
The gnoll shaman prays to its god.
The gnoll shaman is healed somewhat.
The steam dragon hisses angrily.
A scorpion comes into view.
The scorpion stings you.
* * * LOW HITPOINT WARNING * * *
An endoplasm comes into view.
The gnoll shaman calls upon its god to speed up the gnoll.
The gnoll seems to speed up.
Found 2 puce potions.
The gnoll hits you from afar with a +0 spear.
You die...

#.......##.....##...........#####
#....####.8...8.#...........#
#....####.......#...........#
.#...##....._...............#
........#.......#!..........#
.#.#....#.8...8.#......###+##
.#.#.##.##.....##......#
..#.....###.###.......#
...#.....##..#..@.J....# ..
#.....#......s......# ..
#.....#.)..g...##....
...#.........g....# ...
..>#.$............# .
....(.........#####
...................
..........?........
.........#########..


You could see a gnoll shaman, a scorpion, a gnoll (fast) and an endoplasm.

Vanquished Creatures
  An orc wizard (D:3)
  3 gnolls (D:4)
  2 adders (D:2)
  3 worms (D:2)
  2 dart slugs
  2 orcs (D:3)
  3 ball pythons
  4 endoplasms
  2 giant cockroaches
  2 goblins
  5 hobgoblins
  7 jackals (D:2)
  2 quokkas
  4 bats
  2 kobolds
  6 rats
50 creatures vanquished.

Notes
Turn   | Place    | Note
-------+----------+-------------------------------------------
     0 | D:1      | pkoi the Minotaur Gladiator began the quest for the Orb.
     0 | D:1      | Reached XP level 1. HP: 18/18 MP: 0/0
   257 | D:1      | Reached skill level 4 in Axes
   536 | D:1      | Reached XP level 2. HP: 25/25 MP: 1/1
  1369 | D:2      | Found a faded altar of an unknown god.
  1375 | D:2      | Reached skill level 5 in Axes
  1595 | D:2      | Reached XP level 3. HP: 10/30 MP: 2/2
  1781 | D:2      | Became a worshipper of Vehumet
  1781 | D:2      | Reached * piety under Vehumet
  1781 | D:2      | Offered knowledge of Freeze by Vehumet.
  2383 | D:2      | Reached XP level 4. HP: 27/37 MP: 3/3
  2596 | D:3      | Reached skill level 6 in Axes
  2756 | D:3      | Found a burning altar of Makhleb.
  2756 | D:3      | Found a hazy altar of Hepliaklqana.
  2757 | D:3      | Found an ornate altar of the Wu Jian Council.
  2759 | D:3      | Found a broken altar of Ashenzari.
  2760 | D:3      | Found a glowing silver altar of Zin.
  2764 | D:3      | Fell from the grace of Vehumet
  2764 | D:3      | Became a worshipper of Makhleb the Destroyer
  2789 | D:3      | Reached skill level 1 in Invocations
  3560 | D:4      | Found Kaskit's CLEARANCE SALE! EVERYTHING MUST GO!.
  3589 | D:4      | Found an opulent altar of Gozag.
  3603 | D:4      | Noticed SkeletonJelly's ghost (amateur DrMo)
  3605 | D:4      | Noticed a steam dragon
  3608 | D:4      | Found a runed translucent gate.
  3608 | D:4      | Found a runed translucent gate.
  3614 | D:4      | Reached XP level 5. HP: 25/42 MP: 3/5
  3624 | D:4      | HP: 2/42 [scorpion (2)]
  3626 | D:4      | Slain by a gnoll

Illustrated notes

Levels and vault maps discovered:
D:1:      tarquinn_simple_flora_water_e, layout_basic, serial_glass,
          glass_columns_b, glass_columns_b
D:2:      layout_loops_cross, ebering_ecumenical_altar_box, minmay_heptomino_l4
D:3:      layout_basic, minitemple
D:4:      layout_basic, grunt_gozag_statues, mainiacjoe_overflow_alcove_1,
          mainiacjoe_overflow_small_starburst, gammafunk_ghost_split,
          nicolae_specific_store, kennysheep_pointless_box,
          kennysheep_nondescript, nicolae_shop_clearance

Skill      XL: |  1  2  3  4 |
---------------+-------------+-----
Axes           | 4 5 6 |  6.5
Invocations    | 1 |  1.6
Fighting       | |  2.4
Throwing       | |  2.0
Dodging        | |  3.2

Action                   |  1- 3 |  4- 6 || total
-------------------------+-------+-------++-------
Melee: War axe           |    67 |    30 ||    97
       Headbutt          |    13 |     4 ||    17
  Use: Scroll            |     3 |     8 ||    11
Armor: Leather armour    |    16 |     1 ||    17
       Ring mail         |       |     6 ||     6
Dodge: Dodged            |    47 |    29 ||    76
